 Dungeon Crawl Stone Soup version 0.31-a0-217-g58bb5d79cf (webtiles) character file.

Game seed: 3907263746130856901

32561 reriks the Protected (level 13, -6/85 HPs)
             Began as a Gargoyle Fighter on July 2, 2023.
             Was an Elder of Makhleb.
             Blown up by a lich (77 damage)
             ... with an orb of destruction
             ... on level 2 of the Abyss.
             The game lasted 00:54:20 (21051 turns).

reriks the Protected (Gargoyle Fighter)            Turns: 21051, Time: 00:54:21

Health: -6/85      AC: 29    Str: 22    XL:     13   Next: 65%
Magic:  15/15      EV:  9    Int: 12    God:    Makhleb [****..]
Gold:   1259       SH:  9    Dex:  8    Spells: 12/12 levels left

rFire   + . .        g - +1 demon whip (venom)
rCold   + . .        c - +3 buckler
rNeg    + + .        H - +4 scale mail {rF+}
rPois   ∞            (no helmet)
rElec   +            h - +2 cloak
rCorr   .            G - +2 pair of gloves {Dex+3}
SInv    +            (no boots)
Will    .....        (no amulet) Stlth
                     a - ring of positive energy
HPRegen 0.34/turn    M - ring of see invisible
MPRegen 0.14/turn

%: random rage (3%)
@: slowed, very slow
A: sickness immunity, AC +9, negative energy resistance 1, electricity
resistance, torment resistance 1, petrification resistance, berserk 1, cold
resistance 1, screaming 1, devolution 1, [clumsy 2]
a: Renounce Religion, Minor Destruction, Lesser Servant of Makhleb, Major
Destruction


You were on level 2 of the Abyss.
You worshipped Makhleb.
Makhleb was greatly pleased with you.
You visited 4 branches of the dungeon, and saw 16 of its levels.
You visited the Abyss 1 time.
You also visited: Sewer and Volcano.

You collected 1893 gold pieces.
You spent 634 gold pieces at shops.

Inventory:

Hand Weapons
 g - a +1 demon whip of venom (weapon)
 r - a +2 great mace of flaming
 v - a +2 hand crossbow of flaming
 y - a +2 battleaxe of flaming
 z - a +2 whip of freezing
 I - a +1 longbow of flaming
Missiles
 e - 4 atropa-tipped darts
 Q - a boomerang (quivered)
Armour
 c - a +3 buckler (worn)
 h - a +2 cloak (worn)
 u - the +0 scale mail of the Untouchables {-Tele rElec Dex+4 SInv}
   (You bought it in a shop on level 9 of the Dungeon)

   Dex:       It affects your dexterity (+4).
   rElec:     It insulates you from electricity.
   SInv:      It lets you see invisible.
   -Tele:     It prevents most forms of teleportation.
 D - +1 swamp dragon scales
 G - a +2 pair of gloves of dexterity (worn)
 H - a +4 scale mail of fire resistance (worn)
 N - a +0 plate armour
Jewellery
 a - a ring of positive energy (left hand)
 j - a ring of flight
 p - a ring of wizardry
 A - a ring of protection from cold
 M - a ring of see invisible (right hand)
Wands
 d - a wand of polymorph (8)
 f - a wand of paralysis (5)
 l - a wand of iceblast (5)
 o - a wand of quicksilver (4)
 E - a wand of flame (14)
 P - a wand of mindburst (5)
Scrolls
 i - 3 scrolls of blinking
 k - a scroll of fear
 t - 7 scrolls of teleportation
 w - 4 scrolls of identify
 K - a scroll of fog
Potions
 b - 2 potions of lignification
 n - a potion of resistance {unknown}
 q - a potion of curing
 s - 3 potions of enlightenment
 x - 3 potions of brilliance
 B - 2 potions of heal wounds
 C - 2 potions of magic {unknown}
 F - a potion of might
 J - a potion of invisibility {unknown}


   Skills:
 + Level 11.8 Fighting
 + Level 10.6 Maces & Flails
 + Level 9.3 Throwing
 + Level 11.9 Armour
 + Level 11.7 Shields
 + Level 3.2 Invocations


You had 12 spell levels left.
You didn't know any spells.
Your spell library contained the following spells:

 Spells                   Type           Power      Damage    Failure   Level
 Foxfire                  Conj/Fire      0%         2x1d4     63%         1
 Freeze                   Ice            0%         1d3       63%         1
 Kiss of Death            Conj/Necr      0%         2d5       63%         1
 Confusing Touch          Hex            0%         N/A       94%         3
 Frozen Ramparts          Ice            0%         1d1       94%         3
 Hailstorm                Conj/Ice       0%         3d3       94%         3
 Stone Arrow              Conj/Erth      0%         3d7       94%         3
 Animate Armour           Summ/Erth      0%         N/A       100%        4
 Dispel Undead            Necr           0%         3d6       100%        4
 Fireball                 Conj/Fire      0%         3d3       100%        5
 Death Channel            Necr           0%         N/A       100%        6
 Plasma Beam              Fire/Air       0%         2x1d10    100%        6
 Starburst                Conj/Fire      0%         6d3       100%        6
 Lehudib's Crystal Spear  Conj/Erth      0%         10d2      100%        8
 Cigotuvi's Dreadful Rot  Necr/Pois/Air  Unusable   N/A       N/A         2

Dungeon Overview and Level Annotations

Branches:
Dungeon (10/15)            Temple (1/1) D:5            Lair (4/5) D:8
 Shoals (0/4) Lair:3       Spider (0/4) Lair:2          Orc (1/2) D:10
  Sewer (visited)         Volcano (visited)
  Slime: Lair:4-5

Altars:
Ashenzari
Cheibriados
Dithmenos
Elyvilon
Fedhas
Gozag
Hepliaklqana
Kikubaaqudgha
Makhleb
Nemelex Xobeh
Qazlal
Ru
Uskayaw
Vehumet
Wu Jian
Xom
Yredelemnul
Zin

Shops:
D:1 *   D:6 !   D:9 ([**(

Annotations:
D:5 3 runed translucent doors, AwFulAwFulPlayer's ghost, novice VSCK
D:8 3 runed translucent doors, ZoeForever1's ghost, novice DrTm
Lair:3 1 runed translucent door, Vacku Hude's ghost, journeyman HOFi
Orc:1 Sonja


Innate Abilities, Weirdness & Mutations

You are immune to sickness and miasma.
Your stone body is resilient. (AC +9)
You are immune to poison.
You resist negative energy. (rN+)
You are resistant to electric shocks. (rElec)
You are resistant to unholy torment.
You are immune to petrification.
You sometimes lose your temper in combat.
Your flesh is cold resistant. (rC+)
You occasionally shout uncontrollably at your foes.
You have hidden genetic defects.
[You are very clumsy. (Dex -4)]


Message History

The starcursed mass is heavily damaged.
The starcursed mass shudders and is absorbed by its neighbour.
You feel better. You block the starcursed mass's attack.
There are monsters nearby!
You hit the starcursed mass but do no damage.
You hit the starcursed mass but do no damage.
You block the starcursed mass's attack.
You whack the starcursed mass!
The starcursed mass is moderately damaged.
The starcursed mass shudders and is absorbed by its neighbour.
You whack the fire bat!
The fire bat is moderately wounded.
The fire bat bites you but does no damage.
You block the fire bat's attack.
A starcursed mass splits.
The starcursed mass shrieks in your mind.
You hit the fire bat.
The fire bat is heavily wounded.
The fire bat closely misses you.
You whack the fire bat!
The fire bat is poisoned.
The fire bat is severely wounded.
The fire bat closely misses you.
The fire bat bites you but does no damage.
You whack the fire bat!
You kill the fire bat!
Makhleb accepts your kill.
You are suddenly pulled into a different region of the Abyss!
You start resting.
A lich comes into view.
The lich shouts!
Okay, then.
Okay, then.
The lich points at you and mumbles some strange words.
You feel yourself slow down.
The lich launches a ball of destructive magic.
An orb of destruction comes into view.
The lich casts a spell at you.
You barely resist. The orb of destruction hits you!!!!
Ouch! That really hurt!
You die...

. # .
.####.
.... °..#
#☼. # .
##○#.#...#
#.@...#
##..#...#
#...# ...
~##... # ~
..## ~~
... ≈~ ...
.#~ ...#


There were no monsters in sight!

Vanquished Creatures
  An ogre mage (Volcano)
  A boulder beetle (Lair:1)
  7 two-headed ogres
  8 death yaks
  A thrashing horror (Abyss:1)
  A hell knight (Volcano)
  A skyshark (Lair:3)
  A wretched star (Abyss:1)
  2 large abominations
  Amaemon (Lair:1)
  A sixfirhy (Abyss:2)
  Pikel (D:5)
  A black mamba (Lair:2)
  A merfolk siren (Lair:3)
  5 cane toads
  Maggie (D:8)
  An orange demon (Lair:1)
  4 komodo dragons
  An ancient zyme (Abyss:2)
  2 trolls
  Prince Ribbit (D:6)
  A hellwing (Abyss:2)
  A polar bear (Lair:4)
  Grinder (D:4)
  6 blink frogs
  A wraith (D:8)
  4 wyverns
  17 yaks
  5 fire bats
  2 basilisks
  A chaos spawn (Abyss:1)
  A steam dragon (Lair:4)
  A warg (Orc:1)
  An acid dragon (D:8)
  14 water moccasins
  An ice beast (D:6)
  3 sky beasts
  7 orc warriors
  7 ogres
  A black bear (Lair:1)
  A small abomination (Abyss:2)
  14 wolves
  3 phantoms
  3 kobold brigands
  Blork the orc (D:6)
  5 bullfrogs
  2 scorpions
  5 wights
  21 killer bees
  3 electric eels
  A howler monkey (D:5)
  3 hounds
  A lava snake (Lair:3)
  A quasit (Abyss:1)
  An iron imp (Abyss:2)
  5 jellies
  3 orc priests
  3 sleepcaps
  An iguana (D:3)
  4 orc wizards
  2 hound zombies (D:5)
  8 gnolls
  11 adders
  A river rat (D:5)
  2 white imps (D:7)
  2 ufetubi
  3 worms
  A dart slug (D:1)
  24 orcs
  5 ball pythons
  15 endoplasms
  14 giant cockroaches
  8 goblins
  5 hobgoblins
  6 jackals
  5 quokkas
  5 bats
  9 frilled lizards
  24 kobolds
  11 rats
360 creatures vanquished.

Vanquished Creatures (collateral kills)
  A neqoxec (Abyss:2)
1 creature vanquished.

Grand Total: 361 creatures vanquished

Notes
Turn   | Place    | Note
-------+----------+-------------------------------------------
     0 | D:1      | reriks the Gargoyle Fighter began the quest for the Orb.
     0 | D:1      | Reached XP level 1. HP: 14/14 MP: 1/1
   139 | D:1      | Reached XP level 2. HP: 19/19 MP: 2/2
   467 | D:1      | Reached XP level 3. HP: 23/23 MP: 3/3
   985 | D:1      | Found Efodd's General Store.
  1486 | D:2      | Reached XP level 4. HP: 29/29 MP: 4/4
  2534 | D:3      | Reached XP level 5. HP: 32/33 MP: 5/5
  2634 | D:3      | Gained mutation: Your flesh is cold resistant. (rC+)
                  | [potion of mutation]
  2634 | D:3      | Gained mutation: You occasionally shout uncontrollably at
                  | your foes. [potion of mutation]
  3151 | D:3      | Reached skill level 1 in Throwing
  3435 | D:4      | Reached XP level 6. HP: 39/39 MP: 6/6
  3435 | D:4      | Noticed Grinder
  3441 | D:4      | Paralysed by Grinder for 4 turns
  3459 | D:4      | Killed Grinder
  3545 | D:3      | Reached XP level 7. HP: 40/44 MP: 7/7
  3632 | D:4      | Reached skill level 5 in Fighting
  3632 | D:4      | Reached skill level 5 in Armour
  3632 | D:4      | Reached skill level 5 in Shields
  3738 | D:4      | Identified the +1 sling of a wizard's laboratory {heavy,
                  | rN+}
  3970 | D:5      | Entered Level 5 of the Dungeon
  4085 | D:5      | Noticed Pikel
  4117 | D:5      | Killed Pikel
  4118 | D:5      | Reached XP level 8. HP: 29/50 MP: 8/8
  4362 | D:5      | Found a glowing drain.
  4373 | Sewer    | Entered a sewer
  4558 | Sewer    | Found a viscous altar of Jiyva.
  4837 | D:5      | Found a runed translucent gate.
  4837 | D:5      | Found a runed translucent gate.
  4837 | D:5      | Found a runed translucent gate.
  4837 | D:5      | Noticed AwFulAwFulPlayer's ghost (novice VSCK)
  4839 | D:5      | Found a basalt altar of Yredelemnul.
  4879 | D:5      | Reached skill level 5 in Maces & Flails
  5050 | D:5      | Found a sparkling altar of Nemelex Xobeh.
  5076 | D:5      | Found a sacrificial altar of Ru.
  5297 | D:5      | Found a staircase to the Ecumenical Temple.
  5310 | Temple   | Entered the Ecumenical Temple
  5552 | Temple   | Became a worshipper of Makhleb the Destroyer
  5985 | D:6      | Found Poimi's Distillery.
  5989 | D:6      | Noticed Prince Ribbit
  6010 | D:6      | Killed Prince Ribbit
  6011 | D:6      | Reached XP level 9. HP: 25/56 MP: 9/9
  6628 | D:6      | Noticed Blork the orc
  6630 | D:6      | Killed Blork the orc
  8562 | D:7      | Reached skill level 5 in Throwing
  9032 | D:7      | Reached XP level 10. HP: 52/63 MP: 10/10
  9239 | D:8      | Found a runed translucent gate.
  9335 | D:7      | Reached * piety under Makhleb
  9925 | D:8      | Found a runed translucent gate.
  9925 | D:8      | Found a runed translucent gate.
  9928 | D:8      | Noticed a ten-headed hydra
  9928 | D:8      | Noticed ZoeForever1's ghost (novice DrTm)
 10868 | D:8      | Found a staircase to the Lair.
 10868 | D:8      | Noticed Maggie
 10877 | D:8      | Killed Maggie
 10992 | D:9      | Found a hide-covered altar of Uskayaw.
 11226 | D:9      | Noticed a two-headed ogre
 11241 | D:8      | Killed a two-headed ogre
 11382 | Lair:1   | Entered Level 1 of the Lair of Beasts
 11542 | Lair:1   | Reached XP level 11. HP: 55/69 MP: 11/11
 11831 | Lair:1   | Noticed Amaemon
 11858 | Lair:1   | Killed Amaemon
 12087 | Lair:1   | Noticed a boulder beetle
 12109 | Lair:1   | Killed a boulder beetle
 12109 | Lair:1   | Reached ** piety under Makhleb
 13444 | Lair:2   | Noticed a death yak
 13530 | Lair:2   | Found a hole to the Spider Nest.
 13531 | Lair:2   | Noticed a boulder beetle
 13531 | Lair:2   | Noticed a skyshark
 13929 | Lair:2   | Found a dark tunnel.
 13934 | Volcano  | Entered a volcano
 13949 | Volcano  | Noticed an ogre mage
 13949 | Volcano  | Noticed a two-headed ogre
 13968 | Volcano  | Killed an ogre mage
 13978 | Volcano  | Noticed a two-headed ogre
 13983 | Volcano  | Killed a two-headed ogre
 13984 | Volcano  | Reached skill level 10 in Fighting
 13984 | Volcano  | Reached skill level 10 in Armour
 13984 | Volcano  | Reached skill level 10 in Shields
 13984 | Volcano  | Reached XP level 12. HP: 62/77 MP: 12/12
 13991 | Volcano  | Killed a two-headed ogre
 14226 | Volcano  | Noticed a hell knight
 14247 | Volcano  | Killed a hell knight
 14401 | Volcano  | Noticed a two-headed ogre
 14426 | Volcano  | Killed a two-headed ogre
 14624 | Volcano  | Noticed a two-headed ogre
 14638 | Volcano  | Killed a two-headed ogre
 14683 | Lair:2   | Identified a scroll of acquirement
 14683 | Lair:2   | Acquired 816 gold pieces
 14756 | Lair:2   | Noticed a death yak
 14756 | Lair:2   | Noticed a death yak
 14756 | Lair:2   | Noticed a death yak
 14757 | Lair:2   | Noticed a death yak
 14787 | Lair:2   | Noticed a death yak
 14792 | Lair:2   | Killed a death yak
 14845 | Lair:2   | Killed a death yak
 14890 | Lair:2   | Killed a death yak
 14896 | Lair:2   | Killed a death yak
 14903 | Lair:2   | Killed a death yak
 14921 | Lair:2   | Killed a death yak
 15487 | Lair:2   | Reached *** piety under Makhleb
 16179 | Lair:3   | Found a runed translucent door.
 16182 | Lair:3   | Noticed Vacku Hude's ghost (journeyman HOFi)
 16726 | Lair:3   | Found a staircase to the Shoals.
 16891 | Lair:3   | Noticed a seven-headed hydra
 16983 | Lair:4   | Noticed a skyshark
 17010 | Lair:3   | Killed a skyshark
 17011 | Lair:3   | Reached skill level 10 in Maces & Flails
 17011 | Lair:3   | Reached XP level 13. HP: 82/84 MP: 13/13
 17669 | Lair:4   | Reached skill level 1 in Invocations
 17846 | Lair:3   | Reached **** piety under Makhleb
 18914 | D:9      | Found Evedwol's Assorted Antiques.
 18920 | D:9      | Bought a jade-encrusted scale mail for 207 gold pieces
 18920 | D:9      | Identified the +0 scale mail of the Untouchables {-Tele
                  | rElec Dex+4 SInv} (You bought it in a shop on level 9 of
                  | the Dungeon)
 18920 | D:9      | Bought an iron ring for 115 gold pieces
 19012 | D:9      | Found Meesekhlovops's Weapon Shop.
 19290 | D:9      | Found Laosen's Assorted Antiques.
 19348 | D:9      | Found an ornate altar of the Wu Jian Council.
 19491 | D:9      | Found Tacsec's Weapon Emporium.
 19591 | D:9      | Found Tonev's Armour Boutique.
 19687 | D:9      | Bought a scroll of identify for 52 gold pieces
 19687 | D:9      | Bought a potion of haste for 260 gold pieces
 19810 | D:10     | Entered Level 10 of the Dungeon
 19900 | D:10     | Found a staircase to the Orcish Mines.
 19907 | Orc:1    | Entered Level 1 of the Orcish Mines
 20197 | Orc:1    | Noticed an ettin
 20238 | Orc:1    | Noticed Sonja
 20378 | Abyss:1  | Cast into level 1 of the Abyss (Sonja)
 20411 | Abyss:1  | Found a corrupted altar of Lugonu.
 20416 | Abyss:1  | Found a corrupted altar of Lugonu.
 20416 | Abyss:1  | Found a corrupted altar of Lugonu.
 20478 | Abyss:1  | Noticed a tentacled starspawn
 20493 | Abyss:1  | Found a corrupted altar of Lugonu.
 20497 | Abyss:1  | Noticed a lich
 20513 | Abyss:1  | Noticed a rakshasa
 20513 | Abyss:1  | Noticed an angel
 20530 | Abyss:1  | Noticed a red very ugly thing
 20533 | Abyss:1  | Noticed a red very ugly thing
 20537 | Abyss:1  | HP: 1/85 [hellion/damnation (30)]
 20786 | Abyss:2  | Found a corrupted altar of Lugonu.
 20870 | Abyss:2  | Gained mutation: You sometimes lose your temper in combat.
                  | [a neqoxec]
 20874 | Abyss:2  | Gained mutation: You have hidden genetic defects. [a
                  | neqoxec]
 21000 | Abyss:2  | Noticed a starcursed mass
 21029 | Abyss:2  | Noticed a lich
 21051 | Abyss:2  | Blown up by a lich

Illustrated notes

Levels and vault maps discovered:
D:1:      co_arrival_random_square_maze, layout_basic, serial_shops,
          nicolae_shop_trees, st_stairs_11, chequers_serial_rivers_micro_e,
          chequers_mini_garden
D:2:      layout_basic, nicolae_kite_square_tiling_tiny
D:3:      layout_loops_ring, chequers_avenue
D:4:      layout_gridville, uniq_grinder
D:5:      layout_basic, mainiacjoe_overflow_two_lobes,
          nicolae_yredelemnul_ghost_church, temple_green,
          gup_sewer_entry_bubbles, kennysheep_nub, st_stairs_10, uniq_pikel
D:6:      layout_layer_cave, serial_shops, shop,
          amcnicky_mini_rare_corridor_liquid, uniq_blork_the_orc,
          uniq_prince_ribbit1
D:7:      layout_loops_ring, minmay_misc_feat_x, minmay_hedge_maze
D:8:      layout_loops_ring, lair_entry_dummy, gammafunk_ghost_hydra_chop,
          st_stairs_4, uniq_maggie
D:9:      layout_layer_cave, nicolae_uskayaw_dance_hall,
          nzn_wu_jian_council_hall, serial_shops, shop_fountains,
          nicolae_shop_window_shopping, nicolae_inconvenience_store,
          nicolae_shop_just_a_little_nook, nicolae_shop_tiny_real_fake_doors
D:10:     layout_roguey, nicolae_sif_muna_little_library,
          mainiacjoe_overflow_cross_hatched, grunt_temple_overflow_bloody_war,
          ebering_ghost_gozag, due_unseen_surprise
Temple:   nicolae_temple_bog_church
Lair:1:   layout_chaotic_city, serial_bayou_shore_a, grunt_megastairs_4,
          uniq_amaemon
Lair:2:   layout_regular_city, nicolae_spider_entry_non_spiders,
          enter_volcano_4, infiniplex_staircase_pool
Lair:3:   layout_gridlike, minmay_shoals_entry_lonely_mermaid,
          ebering_ghost_inner_flame
Lair:4:   layout_small_grid, serial_bayou_pond_a
Orc:1:    giant_chief_lemuel, layout_caves, uniq_sonja
Abyss:2:  base: IceCv, evilmike_abyss_exit_7, minivault_20

Skill      XL: |  1  2  3  4  5  6  7  8  9 10 11 12 13 |
---------------+----------------------------------------+-----
Armour         | 4 5 6 7 8 10 11 | 11.9
Fighting       | 4 5 6 7 8 10 11 | 11.8
Shields        | 4 5 6 7 8 10 11 | 11.7
Maces & Flails | 3 4 5 6 7 8 10 | 10.6
Throwing       | 1 3 4 5 6 7 8 9 |  9.3
Invocations    | 3 |  3.2

Action                     |  1- 3 |  4- 6 |  7- 9 | 10-12 | 13-15 || total
---------------------------+-------+-------+-------+-------+-------++-------
  Melee: Flail             |   143 |   170 |    39 |       |       ||   352
         Whip              |       |       |   295 |   303 |       ||   598
         Demon whip        |       |       |       |   355 |   418 ||   773
  Throw: Javelin           |       |     7 |    43 |    11 |    10 ||    71
         Dart              |       |     3 |       |       |       ||     3
         Boomerang         |       |     2 |    60 |   209 |    25 ||   296
 Invoke: Lesser Servant of |       |       |       |       |     1 ||     1
  Evoke: Wand              |       |       |     6 |     4 |       ||    10
    Use: Scroll            |       |    13 |     6 |     7 |     6 ||    32
         Potion            |       |     1 |       |     7 |     6 ||    14
   Stab: Paralysed         |       |       |     6 |    15 |       ||    21
         Distracted        |       |       |       |       |     1 ||     1
 Armour: Scale mail        |    82 |    92 |   122 |   202 |   173 ||   671
         Swamp dragon scal |       |       |       |    88 |       ||    88
         Leather armour    |       |       |       |     3 |       ||     3
  Dodge: Dodged            |   102 |    92 |    90 |   225 |   105 ||   614
  Block: Buckler           |    34 |    38 |    93 |   247 |   155 ||   567

Table legend: (Time is in decaauts)
 A = Elapsed time spent in this place.
 B = Non-inter-level travel time spent in this place.
 C = Inter-level travel time spent in this place.
 D = Time resting spent in this place.
 E = Time spent auto-exploring this place.
 F = Levels seen in this place.
 G = Mean time per level.
                   A        B        C        D        E       F      G
               +--------+--------+--------+--------+--------+-----+--------+
         Total |  20718 |  19775 |    943 |   6406 |   9110 |  20 | 1035.9 |
       Dungeon |  12824 |  12177 |    647 |   3525 |   6455 |  10 | 1282.4 |
        Temple |    255 |    243 |     12 |      0 |    128 |   1 |  255.0 |
          Lair |   5760 |   5476 |    284 |   2205 |   2215 |   4 | 1440.0 |
  Orcish Mines |    314 |    314 |      0 |     14 |    190 |   1 |  314.0 |
         Abyss |    593 |    593 |      0 |    267 |      0 |   2 |  296.5 |
         Sewer |    238 |    238 |      0 |      8 |    122 |   1 |  238.0 |
       Volcano |    732 |    732 |      0 |    385 |      0 |   1 |  732.0 |
               +--------+--------+--------+--------+--------+-----+--------+

Top non-repeatable levels by time:
     D:8: 2715 daAuts
     D:7: 1900 daAuts
  Lair:1: 1887 daAuts
  Lair:3: 1762 daAuts
     D:5: 1508 daAuts
     D:1: 1483 daAuts
  Lair:2: 1364 daAuts
     D:6: 1276 daAuts
     D:9: 1202 daAuts
     D:3: 1116 daAuts
     D:2: 916 daAuts
  Lair:4: 746 daAuts
 Volcano: 732 daAuts
     D:4: 561 daAuts
   Orc:1: 314 daAuts
